 Dungeon Crawl Stone Soup version 0.24-a0-581-gc0fa6600bf (webtiles) character file.

Game seed: 16290797937367404500

8682 bigmoney the Martial Artist (level 11, 0/82 HPs)
             Began as an Octopode Transmuter on Aug 24, 2019.
             Was a Priest of Okawaru.
             Slain by a storm dragon (8 damage)
             ... on level 10 of the Dungeon.
             The game lasted 00:36:49 (12585 turns).

bigmoney the Martial Artist (Octopode Transmuter)  Turns: 12585, Time: 00:36:51

Health: 0/82       AC:  2    Str: 15    XL:     11   Next: 34%
Magic:  12/14      EV: 24    Int: 25    God:    Okawaru [***...]
Gold:   1026       SH:  0    Dex: 21    Spells: 7/14 levels left

rFire    + + .     SeeInvis .     - Unarmed
rCold    + . .     Gourm    .   (shield currently unavailable)
rNeg     . . .     Faith    .   (helmet currently unavailable)
rPois    .         Spirit   .   (no amulet)
rElec    +         Reflect  .   o - ring of protection from fire
rCorr    +         Harm     .   y - ring of stealth
MR       .....                  h - +6 ring of intelligence
Stlth    +++.......             (no ring)
HPRegen  0.63/turn              (no ring)
MPRegen  0.14/turn              (no ring)
                                (no ring)
                                (no ring)

@: mighty, spider-form, resistant
A: tiny, almost no armour, stealthy swim, (amphibious), 8 rings, (constrict 8),
rugged brown scales 1, agile 2, regeneration 1
a: End Transformation, Heroism, Renounce Religion


You were on level 10 of the Dungeon.
You worshipped Okawaru.
Okawaru was most pleased with you.
You were very hungry.
You were a venomous arachnid creature.
You visited 2 branches of the dungeon, and saw 12 of its levels.

You collected 1116 gold pieces.
You spent 90 gold pieces at shops.

Inventory:

Missiles
 a - 171 arrows
 e - 9 poisoned darts (quivered)
Jewellery
 h - a +6 ring of intelligence (on tentacle)
 i - an uncursed ring of ice
 j - an uncursed ring of ice
 o - a ring of protection from fire (left front leg)
 y - a ring of stealth (right front leg)
Wands
 m - a wand of digging (8)
 q - a wand of enslavement (5)
 r - a wand of polymorph (7)
 w - a wand of acid (7)
Scrolls
 d - 9 scrolls of identify
 g - 2 scrolls of blinking
 k - 3 scrolls of enchant weapon
 l - 5 scrolls of remove curse
 s - 3 scrolls of magic mapping
 u - 4 scrolls of teleportation
 x - a scroll of amnesia
Potions
 b - 3 potions of curing
 f - a potion of might
 n - a potion of resistance
 t - a potion of mutation
 v - a potion of heal wounds
 z - a potion of flight
Comestibles
 c - 17 rations


   Skills:
 + Level 9.0 Fighting
 + Level 5.2 Dodging
 * Level 12.8 Unarmed Combat
 - Level 2.0 Spellcasting
 - Level 6.1 Transmutations


You had 7 spell levels left.
You knew the following spells:

 Your Spells              Type           Power        Failure   Level  Hunger
a - Beastly Appendage     Tmut           ####..       4%          1    None
b - Sticks to Snakes      Tmut           ####....     6%          2    ##.....
c - Spider Form           Tmut/Pois      ###.......   24%         3    ###....
e - Confusing Touch       Hex            #.....       26%         1    None

Your spell library contained the following spells:

 Spells                   Type           Power        Failure   Level  Hunger
 Animate Skeleton         Necr           N/A          26%         1    None
 Apportation              Tloc           #.....       26%         1    None
 Summon Small Mammal      Summ           #...         26%         1    None
 Blade Hands              Tmut           ####......   47%         5    ######.
 Ice Form                 Ice/Tmut       ###.....     54%         4    ####...
 Summon Lightning Spire   Summ/Air       #.......     88%         4    ####...
 Silence                  Hex/Air        #.........   99%         5    ######.
 Conjure Ball Lightning   Conj/Air       #.........   100%        6    #######
 Deflect Missiles         Chrm/Air       #.........   100%        6    #######
 Tornado                  Air            #.........   100%        9    #######


Dungeon Overview and Level Annotations

Branches:
Dungeon (11/15)            Temple (1/1) D:7            Lair (0/6) D:9
    Orc: D:9-12

Altars:
Ashenzari
Cheibriados
Dithmenos
Elyvilon
Fedhas
Gozag
Hepliaklqana
Kikubaaqudgha
Makhleb
Nemelex Xobeh
Okawaru
Qazlal
Ru
Sif Muna
Trog
Uskayaw
Vehumet
Wu Jian
Xom
Yredelemnul
Zin
The Shining One

Shops:
D:4 *   D:10 %


Innate Abilities, Weirdness & Mutations

You cannot wear most types of armour.
You are very stealthy in the water. (Stealth+)
((You are amphibious.))
You can wear up to eight rings at the same time.
((You can use your tentacles to constrict eight enemies at once.))
((Your skin changes colour to match your surroundings (Stealth+).))
((Your rubbery body absorbs attacks. (AC +1, EV +1)))
(You are partially covered in rugged brown scales. (AC +1, +3% HP))
You are very agile. (Dex +4)
Your natural rate of healing is unusually fast.


Message History

The storm dragon bites you! The storm dragon closely misses you.
The storm dragon barely misses you.
You closely miss the storm dragon.
The storm dragon is heavily wounded.
The storm dragon breathes lightning at you.
The bolt of lightning misses you. The wight misses you.
You bite the storm dragon!
The storm dragon looks as sick as possible!
The storm dragon is severely wounded.
You are feeling very hungry.
The storm dragon completely misses you. The storm dragon claws you!
The storm dragon tramples you.
You stumble backwards!
You barely miss the storm dragon.
The storm dragon is almost dead.
The storm dragon bites you!
* * * LOW HITPOINT WARNING * * *
The storm dragon claws you!
* * * LOW HITPOINT WARNING * * *
The storm dragon tramples you!
You die...

#.#####.............# #...# #.#
#..#######....# #...# #.# #..#
#....# #...#### #.#
#..#######....####....... #.##
#........................ #..#
##....................... #..#
#...####................
#..######################......
#..##....'....sD...'..).#......
#..##P...#.....z...#....#......
#..##...P#.........#,,..#......
#..##P...#.........#,,,,#......
#..##...P#.........#,,,,#......
#..##P...#.........#,,,,#......
#..##...P#.........#,,,,#......
#...#P...#.........#,,,,#......
#.###รท..P#.........#,,,,#......


You could see a storm dragon and a wight.

Vanquished Creatures
  A two-headed ogre (D:10)
  The ghost of zawa the Cleaver, a novice MiBe of Trog (D:6)
  The ghost of Thantalas the Covert, a novice OpFE of Kikubaaqudgha (D:6)
  An efreet (D:10)
  A troll (D:10)
  Prince Ribbit (D:6)
  A hippogriff (D:7)
  A spriggan (D:9)
  The ghost of Wolfram the Firebug, an amateur DEFE (D:6)
  A wyvern (D:10)
  A vampire (D:10)
  Eustachio (D:6)
  A hungry ghost (D:10)
  A vampire mosquito (D:10)
  Edmund (D:6)
  3 sky beasts
  2 black bears (D:6)
  4 orc warriors
  5 ice beasts
  A phantom (D:4)
  An eye of draining (D:4)
  A necrophage (D:9)
  4 ogres
  7 centaurs
  2 big kobolds (D:8)
  4 bullfrogs
  A gnoll sergeant (D:10)
  A scorpion (D:8)
  5 wights (D:7)
  5 vampire bats (D:10)
  A bullfrog zombie (D:6)
  4 crimson imps
  A jelly (D:7)
  2 bullfrog skeletons
  10 orc priests
  6 hounds
  3 iguanas (D:5)
  11 orc wizards
  A centaur skeleton (D:10)
  6 worker ants
  A killer bee zombie (D:6)
  A hound zombie (D:9)
  2 hound skeletons (D:9)
  2 worker ant zombies (D:6)
  20 gnolls
  13 adders
  6 shadow imps
  3 oozes
  An adder skeleton (D:8)
  An adder zombie (D:7)
  2 worms
  5 dart slugs
  5 leopard geckos
  44 orcs
  A ball python (D:2)
  6 giant cockroaches
  11 hobgoblins
  16 jackals
  3 quokkas
  10 bats
  4 frilled lizards
  8 goblins
  10 kobolds
  A quokka zombie (D:6)
  4 rats
286 creatures vanquished.

Vanquished Creatures (others)
  3 withered plants (D:6)
3 creatures vanquished.

Grand Total: 289 creatures vanquished

Notes
Turn   | Place    | Note
-------+----------+-------------------------------------------
     0 | D:1      | bigmoney the Octopode Transmuter began the quest for the
                  | Orb.
     0 | D:1      | Reached XP level 1. HP: 13/13 MP: 3/3
   115 | D:1      | Reached XP level 2. HP: 18/18 MP: 3/5
   488 | D:1      | Reached skill level 4 in Unarmed Combat
   668 | D:1      | Reached XP level 3. HP: 22/23 MP: 6/6
   765 | D:1      | Learned a level 2 spell: Sticks to Snakes
   769 | D:1      | Learned a level 3 spell: Spider Form
  1191 | D:2      | Reached XP level 4. HP: 24/28 MP: 5/7
  1365 | D:2      | Found a stormy altar of Qazlal.
  1929 | D:3      | Reached XP level 5. HP: 21/33 MP: 6/8
  2666 | D:3      | Reached skill level 5 in Transmutations
  2934 | D:3      | Reached XP level 6. HP: 14/38 MP: 7/9
  3208 | D:3      | Found an ornate altar of the Wu Jian Council.
  3208 | D:3      | Found a snail-covered altar of Cheibriados.
  3209 | D:3      | Found a glowing golden altar of the Shining One.
  4249 | D:3      | Gained mutation: You are occasionally teleported next to
                  | monsters. [potion of mutation]
  4249 | D:3      | Gained mutation: You have a pair of small antennae on your
                  | head. [potion of mutation]
  4492 | D:3      | Lost mutation: You are occasionally teleported next to
                  | monsters. [potion of mutation]
  4492 | D:3      | Lost mutation: You have a pair of small antennae on your
                  | head. [potion of mutation]
  4492 | D:3      | Gained mutation: Your spells are a little easier to cast,
                  | but a little less powerful. [potion of mutation]
  4492 | D:3      | Gained mutation: You can translocate small distances at
                  | will. [potion of mutation]
  4492 | D:3      | Gained mutation: You are agile. (Dex +2) [potion of
                  | mutation]
  4492 | D:3      | Gained mutation: Your mind is acute. (Int +2) [potion of
                  | mutation]
  4511 | D:4      | Found Buuvvece's General Store.
  4526 | D:4      | Bought a scroll of blinking for 90 gold pieces
  4907 | D:4      | Reached XP level 7. HP: 40/43 MP: 6/10
  5392 | D:4      | Found a sparkling altar of Nemelex Xobeh.
  5806 | D:4      | Reached skill level 5 in Unarmed Combat
  5889 | D:4      | Found a bloodstained altar of Trog.
  6000 | D:5      | Entered Level 5 of the Dungeon
  6058 | D:5      | Reached skill level 6 in Unarmed Combat
  6259 | D:5      | Reached XP level 8. HP: 52/52 MP: 7/11
  6775 | D:5      | Found a bloodstained altar of Trog.
  7132 | D:6      | Found a shadowy altar of Dithmenos.
  7466 | D:5      | Reached skill level 7 in Unarmed Combat
  7491 | D:6      | Found a sparkling altar of Nemelex Xobeh.
  7602 | D:6      | Found a runed translucent gate.
  7602 | D:6      | Found a runed translucent gate.
  7602 | D:6      | Found a runed translucent gate.
  7604 | D:6      | Noticed zawa's ghost (novice MiBe)
  7604 | D:6      | Noticed Wolfram's ghost (amateur DEFE)
  7604 | D:6      | Noticed Thantalas's ghost (novice OpFE)
  7922 | D:6      | Noticed Prince Ribbit
  7937 | D:6      | Killed Prince Ribbit
  7937 | D:6      | Reached skill level 8 in Unarmed Combat
  7937 | D:6      | Reached XP level 9. HP: 28/60 MP: 9/12
  7945 | D:6      | Reached skill level 5 in Fighting
  7982 | D:6      | Noticed Edmund
  8178 | D:6      | Killed Edmund
  8259 | D:6      | Reached skill level 9 in Unarmed Combat
  8282 | D:6      | Lost mutation: You are agile. (Dex +2) [potion of mutation]
  8282 | D:6      | Lost mutation: Your mind is acute. (Int +2) [potion of
                  | mutation]
  8282 | D:6      | Gained mutation: One of your tentacles bears a spike.
                  | [potion of mutation]
  8283 | D:6      | Lost mutation: One of your tentacles bears a spike. [potion
                  | of mutation]
  8283 | D:6      | Lost mutation: You can translocate small distances at will.
                  | [potion of mutation]
  8283 | D:6      | Lost mutation: Your spells are a little easier to cast, but
                  | a little less powerful. [potion of mutation]
  8283 | D:6      | Gained mutation: You are partially covered in rugged brown
                  | scales. (AC +1, +3% HP) [potion of mutation]
  8283 | D:6      | Gained mutation: You are agile. (Dex +2) [potion of
                  | mutation]
  8283 | D:6      | Gained mutation: You are very agile. (Dex +4) [potion of
                  | mutation]
  8283 | D:6      | Gained mutation: Your natural rate of healing is unusually
                  | fast. [potion of mutation]
  8372 | D:6      | Noticed Eustachio
  8386 | D:6      | Killed Eustachio
  8677 | D:7      | Reached skill level 10 in Unarmed Combat
  8687 | D:7      | Found a staircase to the Ecumenical Temple.
  8733 | Temple   | Entered the Ecumenical Temple
  9017 | D:7      | Reached XP level 10. HP: 62/71 MP: 9/13
  9194 | D:7      | You fall into a shaft and drop 1 floor!
  9199 | D:8      | Found a shimmering altar of Xom.
  9200 | D:8      | Found a shimmering altar of Xom.
  9200 | D:8      | Found a shimmering altar of Xom.
  9200 | D:8      | Found a shimmering altar of Xom.
  9201 | D:8      | Found a shimmering altar of Xom.
  9423 | D:8      | Reached skill level 11 in Unarmed Combat
  9722 | D:8      | Found a shimmering altar of Xom.
  9722 | D:8      | Found a shimmering altar of Xom.
  9722 | D:8      | Found a shimmering altar of Xom.
  9804 | D:8      | Found a shimmering altar of Xom.
 10088 | D:9      | Found an iron altar of Okawaru.
 10096 | D:9      | Became a worshipper of Warmaster Okawaru
 10217 | D:6      | Killed Wolfram's ghost
 10270 | D:6      | Killed Thantalas's ghost
 10276 | D:6      | Killed zawa's ghost
 10276 | D:6      | Reached * piety under Okawaru
 10276 | D:6      | Reached skill level 12 in Unarmed Combat
 10829 | D:9      | Found a staircase to the Lair.
 10912 | D:9      | Learned a level 1 spell: Confusing Touch
 10973 | D:9      | Found a burning altar of Makhleb.
 11172 | D:9      | Found a white marble altar of Elyvilon.
 11376 | D:10     | Entered Level 10 of the Dungeon
 11383 | D:10     | Reached XP level 11. HP: 80/80 MP: 7/14
 11536 | D:10     | Reached ** piety under Okawaru
 11732 | D:10     | Found Yneubbaw's Food Boutique.
 12123 | D:10     | Noticed a two-headed ogre
 12170 | D:10     | Noticed a storm dragon
 12321 | D:10     | Killed a two-headed ogre
 12321 | D:10     | Reached skill level 5 in Dodging
 12513 | D:10     | Reached *** piety under Okawaru
 12585 | D:10     | Slain by a storm dragon

Levels and vault maps discovered:
D:1:      elethiomel_arrival_shortcut, layout_rooms, st_stairs_10,
          due_unseen_surprise
D:2:      layout_basic, lemuel_doored_altar, minmay_misc_feat_hallway
D:3:      layout_basic, gammafunk_temple_overflow_forgotten, serial_bayou_pond_d
D:4:      layout_loops_ring, nemelex_xobeh_ov_fountains_minmay, serial_shops,
          shop, trog_eyes_of_draining
D:5:      layout_loops_ring, overflow_temple_1_default, first_ration
D:6:      hangedman_cross_stitches, layout_gridville,
          grunt_dithmenos_smoke_and_mirrors, gammafunk_ghost_cemetery,
          basic_altar, uniq_eustachio, uniq_prince_ribbit1, uniq_edmund
D:7:      layout_loops_ring, minmay_temple_entry_glass
D:8:      layout_loops_ring, xom_redecorated
D:9:      layout_roguey, elyvilon_altar_4, makhleb_blood_cavern_becter,
          okawaru_gym_becter, dpeg_oklobed_lair, grunt_pizzeria
D:10:     minmay_klotski, layout_small_grid, serial_shops,
          nicolae_shop_statue_plus, chequers_jeans, minivault_5, roderic_batcave
D:11:     layout_loops_corners, orc_0_dummy, minmay_rotating_lava, uniq_erolcha
Temple:   bh_familiar_temple

Skill      XL: |  1  2  3  4  5  6  7  8  9 10 11 |
---------------+----------------------------------+-----
Unarmed Combat | 4 6 8 10 12 | 12.8
Transmutations | 3 4 5 6 |  6.1
Fighting       | 3 4 6 8 9 |  9.0
Dodging        | 3 4 5 |  5.2
Spellcasting   | |  2.0

Action                   |  1- 3 |  4- 6 |  7- 9 | 10-12 || total
-------------------------+-------+-------+-------+-------++-------
Melee: Unarmed           |    60 |   160 |   369 |   323 ||   912
       Constrict         |    15 |    37 |    23 |    17 ||    92
       Tentacles         |    12 |    19 |    15 |    11 ||    57
       Kick              |     9 |    20 |       |       ||    29
       Punch             |       |     1 |     9 |     4 ||    14
Throw: Dart              |       |       |     3 |       ||     3
 Cast: Beastly Appendage |     8 |    16 |       |       ||    24
       Spider Form       |       |     7 |    31 |    33 ||    71
       Sticks to Snakes  |       |       |     6 |     2 ||     8
Evoke: Wand              |       |       |     1 |     3 ||     4
  Use: Potion            |       |     6 |     4 |     6 ||    16
       Scroll            |       |     4 |     2 |     7 ||    13
 Stab: Sleeping          |     3 |     7 |     5 |     7 ||    22
       Distracted        |     1 |       |     2 |     1 ||     4
  Eat: Chunk             |     1 |    13 |    14 |    12 ||    40
       Ration            |       |       |     1 |     2 ||     3
Armor: Skin              |     4 |     6 |    41 |    15 ||    66
Dodge: Dodged            |    33 |    94 |   289 |   229 ||   645

Table legend:
 A = Non-vault XP
 B = Vault XP
 C = Vault XP percentage of total XP
 D = Non-vault monster count
 E = Vault monster count
 F = Vault count percentage of total count
                 A         B        C        D         E       F
            +---------+---------+-------+---------+---------+-------
      Total |    6883 |    5521 |  44.5 |     244 |      42 |  14.7
            +---------+---------+-------+---------+---------+-------
        D:1 |      27 |       8 |  22.9 |      15 |       3 |  16.7
        D:2 |      99 |       0 |   0.0 |      22 |       0 |   0.0
        D:3 |     401 |       0 |   0.0 |      39 |       0 |   0.0
        D:4 |     298 |     128 |  30.0 |      13 |       3 |  18.8
        D:5 |     798 |       0 |   0.0 |      38 |       0 |   0.0
        D:6 |     704 |    2720 |  79.4 |      20 |      15 |  42.9
        D:7 |    1549 |       0 |   0.0 |      31 |       0 |   0.0
        D:8 |    1389 |       0 |   0.0 |      38 |       0 |   0.0
        D:9 |     531 |     361 |  40.5 |      14 |       3 |  17.6
       D:10 |    1087 |    2304 |  67.9 |      14 |      18 |  56.2
            +---------+---------+-------+---------+---------+-------
